 Dungeon Crawl Stone Soup version 0.29-a0-994-gc5c9f59d18 (webtiles) character file.

Game seed: 16897133933979851125

3574 leavemydog the Cleaver (level 10, -2/126 HPs)
             Began as a Hill Orc Fighter on Aug 3, 2022.
             Was a Follower of Kikubaaqudgha.
             Slain by a hornet (6 damage)
             ... on level 9 of the Dungeon.
             The game lasted 00:18:06 (10157 turns).

leavemydog the Cleaver (Hill Orc Fighter)          Turns: 10157, Time: 00:18:07

Health: -2/126     AC: 25    Str: 22    XL:     10   Next: 10%
Magic:  14/14      EV:  2    Int: 10    God:    Kikubaaqudgha [*.....]
Gold:   330        SH:  9    Dex: 10    Spells: 14/14 levels left

rFire   . . .      SeeInvis .   a - +0 war axe
rCold   . . .      Faith    .   c - +0 buckler
rNeg    . . .      Spirit   .   (body armour currently unavailable)
rPois   +          Reflect  +   (helmet currently unavailable)
rElec   .          Harm     .   (cloak currently unavailable)
rCorr   .          Rampage  .   (gloves currently unavailable)
Will    .....      NoTele   +   (boots currently unavailable)
Stlth   +.........              G - amulet of reflection
HPRegen 0.31/turn               t - ring of flight
MPRegen 0.14/turn               (no ring)

@: mighty, brilliant, tree-form, slowed, very slow
A: stationary, stasis, torment immunity, boosted hp
a: Renounce Religion, Unearth Wretches


You were on level 9 of the Dungeon.
You worshipped Kikubaaqudgha.
Kikubaaqudgha was aware of your devotion.
You were a tree.
You visited 2 branches of the dungeon, and saw 10 of its levels.

You collected 450 gold pieces.
You spent 120 gold pieces at shops.

Inventory:

Hand Weapons
 a - a +0 war axe (weapon)
 v - a +4 quarterstaff of chaos
Missiles
 f - a throwing net (quivered)
Armour
 b - a +0 pair of gloves (melded)
 c - a +0 buckler (worn)
 r - a +0 pair of boots (melded)
 u - a +1 cloak (melded)
 w - a +3 leather armour of poison resistance (melded)
 J - +0 steam dragon scales
Jewellery
 t - a ring of flight (left branch)
 G - an amulet of reflection (around neck)
Wands
 o - a wand of flame (23)
 D - a wand of acid (8)
 E - a wand of mindburst (9)
 F - a wand of roots (4)
Scrolls
 g - 2 scrolls of noise
 h - 2 scrolls of butterflies
 i - 4 scrolls of teleportation
 k - 2 scrolls of poison
 l - 2 scrolls of immolation
 n - a scroll of brand weapon {unknown}
 q - a scroll of enchant weapon {unknown}
 y - 3 scrolls of magic mapping {unknown}
 z - a scroll of vulnerability {unknown}
 I - a scroll of amnesia {unknown}
Potions
 d - a potion of invisibility
 j - a potion of attraction
 p - 2 potions of mutation
 s - a potion of magic
 x - 2 potions of lignification
 B - a potion of flight
 C - a potion of might


   Skills:
 + Level 6.5 Fighting
 * Level 14.3 Axes
 + Level 5.0 Armour
 + Level 4.7 Shields
 * Level 2.9 Spellcasting
 * Level 4.0 Necromancy


You had 14 spell levels left.
You didn't know any spells.
Your spell library contained the following spells:

 Spells                   Type           Power      Damage    Failure   Level
 Necrotise                Necr           56%        1d6       7%          1
 Vampiric Draining        Necr           14%        2d7       21%         3
 Sandblast                Erth           4%         2d4       36%         1
 Summon Small Mammal      Summ           8%         N/A       36%         1
 Poisonous Vapours        Pois/Air       4%         N/A       50%         2
 Animate Dead             Necr           14%        N/A       56%         4
 Anguish                  Hex/Necr       4%         N/A       83%         4
 Corpse Rot               Necr/Pois/Air  6%         N/A       90%         4


Dungeon Overview and Level Annotations

Branches:
Dungeon (9/15)             Temple (1/1) D:6
   Lair: D:8-11         Orc: D:9-12

Altars:
Ashenzari
Cheibriados
Dithmenos
Elyvilon
Fedhas
Gozag
Hepliaklqana
Kikubaaqudgha
Makhleb
Nemelex Xobeh
Okawaru
Qazlal
Ru
Sif Muna
Trog
Uskayaw
Vehumet
Wu Jian
Xom
Yredelemnul
Zin
The Shining One

Shops:
D:2 !   D:7 **


Message History

You are too injured to fight recklessly!
You are too injured to fight recklessly!
You are too injured to fight recklessly!
You are too injured to fight recklessly!
You are too injured to fight recklessly!
You hit the hornet but do no damage.
The hornet is heavily wounded.
The hornet stings you!
* * * LOW HITPOINT WARNING * * *
The hornet stings you!
* * * LOW HITPOINT WARNING * * *
You feel as though you will be slow longer.
You feel very mighty all of a sudden. The hornet stings you!
* * * LOW HITPOINT WARNING * * *
You feel as though you will be slow longer.
The hornet stings you.
* * * LOW HITPOINT WARNING * * *
You feel as though you will be slow longer.
Blink to where?
Press: ? - help, Dir - move target
As you read the scroll of blinking, it crumbles to dust.
It was a potion of brilliance.
You feel clever all of a sudden.
Really quaff the potion of lignification?
You turn into a tree.
Your +1 cloak melds into your body.
Your +0 pair of gloves melds into your body.
Your +0 pair of boots melds into your body.
Your +3 leather armour of poison resistance melds into your body.
You no longer feel resistant to poison.
Your roots penetrate the ground.
The hornet barely misses you.
You hit the hornet.
The hornet is heavily wounded.
The hornet stings you but does no damage.
You block the hornet's attack.
You barely miss the hornet.
The hornet is heavily wounded.
You block the hornet's attack. The hornet stings you.
You die...
Kikubaaqudgha rasps: "You have failed me!
Welcome... death!"

## .##
..####.?.##
#.T.......##
##.........## #
#.##......### .#
.#
....../####.#####
.##
#................
#...#
#.......y♣...# .#
#.<..##..###.# ##
#..####.. .#
#..## ##. .# ###
#. ## #. #. ##


You could see a hornet.

Vanquished Creatures
  Grinder (D:6)
  4 yaks (D:9)
  Eustachio (D:4)
  A steam dragon (D:8)
  3 orc warriors
  2 sky beasts (D:7)
  2 black bears
  2 ogres
  2 phantoms
  A centaur (D:8)
  2 bullfrogs (D:8)
  A necrophage (D:7)
  3 scorpions
  4 wights (D:8)
  2 howler monkeys
  Crazy Yiuf (D:2)
  3 hounds
  2 jellies
  A gnoll bouda (D:5)
  10 orc wizards
  4 iguanas
  7 gnolls
  7 adders
  2 shadow imps
  2 white imps
  A worm (D:2)
  A dart slug (D:4)
  39 orcs
  8 ball pythons
  7 bats
  8 endoplasms
  5 giant cockroaches
  4 goblins
  3 hobgoblins
  4 jackals (D:4)
  9 kobolds
  3 quokkas
  5 frilled lizards
  5 rats
172 creatures vanquished.

Notes
Turn   | Place    | Note
-------+----------+-------------------------------------------
     0 | D:1      | leavemydog the Hill Orc Fighter began the quest for the
                  | Orb.
     0 | D:1      | Reached XP level 1. HP: 19/19 MP: 1/1
   206 | D:1      | Reached skill level 3 in Axes
   206 | D:1      | Reached XP level 2. HP: 27/27 MP: 2/2
   740 | D:1      | Reached XP level 3. HP: 33/33 MP: 3/3
   961 | D:2      | Found a faded altar of an unknown god.
  1056 | D:2      | Found Qirholytu's Distillery.
  1133 | D:2      | Found a runed translucent door.
  1134 | D:2      | Noticed Crazy Yiuf
  1625 | D:2      | Killed Crazy Yiuf
  1626 | D:2      | Reached skill level 4 in Axes
  1626 | D:2      | Reached XP level 4. HP: 10/40 MP: 0/4
  2401 | D:3      | Reached skill level 5 in Axes
  2745 | D:3      | Reached XP level 5. HP: 39/43 MP: 5/5
  3112 | D:4      | Noticed Eustachio
  3132 | D:4      | Killed Eustachio
  3133 | D:4      | Reached skill level 6 in Axes
  3133 | D:4      | Reached XP level 6. HP: 30/52 MP: 6/6
  3343 | D:4      | Noticed a black bear
  3356 | D:4      | Killed a black bear
  3357 | D:4      | Reached skill level 7 in Axes
  3588 | D:4      | Reached XP level 7. HP: 36/60 MP: 7/7
  3598 | D:4      | Reached skill level 8 in Axes
  4430 | D:4      | Found a shimmering blue altar of Sif Muna.
  4456 | D:4      | HP: 3/60 [orc warrior/+0 flail of flaming (6)]
  4460 | D:4      | Got Sif Muna's Tractate on Coarse Accomplices
  4705 | D:4      | Found a bloodstained altar of Trog.
  4785 | D:5      | Entered Level 5 of the Dungeon
  4996 | D:5      | Reached skill level 9 in Axes
  4996 | D:5      | Reached skill level 1 in Spellcasting
  4996 | D:5      | Reached skill level 1 in Necromancy
  5069 | D:5      | Reached skill level 5 in Fighting
  5077 | D:5      | Reached XP level 8. HP: 68/68 MP: 9/9
  6199 | D:6      | Found a staircase to the Ecumenical Temple.
  6208 | D:6      | Reached skill level 10 in Axes
  6288 | Temple   | Entered the Ecumenical Temple
  6605 | D:6      | Noticed Grinder
  6621 | D:6      | Killed Grinder
  6816 | D:6      | Reached skill level 11 in Axes
  6816 | D:6      | Found a snail-covered altar of Cheibriados.
  7236 | D:6      | Found an iron altar of Okawaru.
  7236 | D:6      | Found an ancient bone altar of Kikubaaqudgha.
  7243 | D:6      | Found a glowing silver altar of Zin.
  7245 | D:6      | Found a shimmering altar of Xom.
  7249 | D:6      | Became a worshipper of Kikubaaqudgha
  7254 | D:6      | Found a broken altar of Ashenzari.
  7883 | D:7      | Reached XP level 9. HP: 75/75 MP: 12/12
  7915 | D:7      | Reached skill level 12 in Axes
  7925 | D:7      | Identified the +7 whip of Hucolon {vorpal, Fragile rCorr
                  | Str+4 Int+2}
  7959 | D:7      | Found Tyfronn's General Store.
  7961 | D:7      | Found Muutuj's Specific Store.
  7971 | D:7      | Bought a potion of heal wounds for 75 gold pieces
  7971 | D:7      | Bought a potion of curing for 45 gold pieces
  8377 | D:7      | Found a sacrificial altar of Ru.
  8378 | D:7      | Found a hide-covered altar of Uskayaw.
  8718 | D:8      | Reached * piety under Kikubaaqudgha
  8718 | D:8      | Received a gift from Kikubaaqudgha
  8869 | D:8      | Reached skill level 13 in Axes
  8933 | D:8      | Identified the +6 short sword of Hepliaklqana's Delight
                  | {spect, rF++ rCorr Str-3 Stlth+}
  9292 | D:8      | Found a stormy altar of Qazlal.
  9407 | D:9      | Reached skill level 14 in Axes
  9407 | D:9      | Reached XP level 10. HP: 34/84 MP: 14/14
  9704 | D:8      | Reached skill level 5 in Armour
 10152 | D:9      | HP: 4/84 [hornet (13)]
 10152 | D:9      | HP: 1/84 [hornet (3)]
 10157 | D:9      | Slain by a hornet

Illustrated notes

Levels and vault maps discovered:
D:1:      dpeg_arrival_long_road, layout_basic, reono_crystal_passage
D:2:      layout_loops_cross, serial_shops, nicolae_shop_stone,
          shapermc_ecumenical_altar_acropolis, uniq_crazy_yiuf_cottage
D:3:      layout_loops_ring
D:4:      layout_basic, nzn_overflow_gifts_of_might_and_magic,
          item_on_display_a, uniq_eustachio
D:5:      layout_loops_corners
D:6:      layout_gridville, lemuel_tele_altar,
          chequers_temple_overflow_minitemple, temple_pool_b, serial_rivers,
          chequers_serial_rivers_micro_c, chequers_serial_rivers_micro_d,
          chequers_serial_rivers_micro_e, chequers_serial_rivers_micro_a,
          chequers_serial_rivers_large_a, chequers_serial_rivers_room_a,
          uniq_grinder
D:7:      layout_rooms, minitemple, minmay_misc_feat_cross, minmay_holes,
          nicolae_specific_store, corexii_corridor_pit
D:8:      layout_gridville, kennysheep_mini_moat
D:9:      layout_layer_cave, david_orc_5, ebering_ghost_xom, serial_shops,
          nicolae_shop_stone, uniq_maggie, uniq_psyche
Temple:   minmay_freezing_vapour_temple

Skill      XL: |  1  2  3  4  5  6  7  8  9 10 |
---------------+-------------------------------+-----
Axes           | 3 4 5 6 7 9 11 14 | 14.3
Fighting       | 4 5 6 |  6.5
Armour         | 4 5 |  5.0
Shields        | 4 |  4.7
Spellcasting   | 1 2 |  2.9
Necromancy     | 1 2 3 4 |  4.0

Action                   |  1- 3 |  4- 6 |  7- 9 | 10-12 || total
-------------------------+-------+-------+-------+-------++-------
Melee: War axe           |   101 |   145 |   382 |    47 ||   675
Evoke: Wand              |       |       |     3 |       ||     3
  Use: Scroll            |       |     5 |    11 |     3 ||    19
       Potion            |       |     2 |     5 |     5 ||    12
 Stab: Distracted        |       |       |     1 |       ||     1
Armor: Scale mail        |    46 |    60 |       |       ||   106
       Leather armour    |       |    28 |   141 |    17 ||   186
       Skin              |       |       |       |     1 ||     1
Dodge: Dodged            |    49 |    94 |   137 |    18 ||   298
Block: Buckler           |    22 |    35 |    67 |    28 ||   152

Table legend: (Time is in decaauts)
 A = Elapsed time spent in this place.
 B = Non-inter-level travel time spent in this place.
 C = Inter-level travel time spent in this place.
 D = Time resting spent in this place.
 E = Time spent auto-exploring this place.
 F = Levels seen in this place.
 G = Mean time per level.
                   A        B        C        D        E       F      G
               +--------+--------+--------+--------+--------+-----+--------+
         Total |  10251 |   9621 |    630 |   2131 |   5998 |  10 | 1025.1 |
       Dungeon |  10233 |   9608 |    625 |   2131 |   5987 |   9 | 1137.0 |
        Temple |     17 |     12 |      5 |      0 |     11 |   1 |   17.0 |
               +--------+--------+--------+--------+--------+-----+--------+

Top non-repeatable levels by time:
     D:4: 2081 daAuts
     D:8: 1543 daAuts
     D:5: 1477 daAuts
     D:6: 1244 daAuts
     D:3: 1168 daAuts
     D:2: 1075 daAuts
     D:1: 896 daAuts
     D:7: 618 daAuts
     D:9: 128 daAuts
  Temple: 17 daAuts
